 Dungeon Crawl Stone Soup version 0.30-a0-859-gf88a04b62d (webtiles) character file.

Game seed: 5936215989956444790

167610 cforsyth the Spry (level 17, -8/106 (108) HPs)
             Began as a Deep Elf Earth Elementalist on Mar 6, 2023.
             Was the Champion of Vehumet.
             Killed from afar by Aizul (35 damage)
             ... with a bolt of poison
             ... on level 3 of the Snake Pit.
             The game lasted 01:56:46 (36466 turns).

cforsyth the Spry (Deep Elf Earth Elementalist)    Turns: 36466, Time: 01:56:47

HP:   -8/106 (108)  AC: 14    Str: 14    XL:     17   Next: 32%
MP:   29/39         EV: 21    Int: 32    God:    Vehumet [******]
Gold: 508           SH:  5    Dex: 15    Spells: 10/48 levels left

rFire   + + .      SeeInvis .    w - +7 mace "Sejaud" {heavy, Fragile rF+ rCorr Str+5}
rCold   + . .      Faith    .    Y - +0 buckler {rC+}
rNeg    + . .      Spirit   .    N - +0 steam dragon scales
rPois   .          Reflect  .    X - +0 hat of Ru's Benevolence {rN+ Int+3}
rElec   .          Rampage  .    C - scarf {repulsion}
rCorr   +                        Z - +1 pair of gloves of Lugonu's Generosity {rF+}
Will    ++...                    v - +2 pair of boots
Stlth   ++                       F - amulet of magic regeneration
HPRegen 0.37/turn                V - +4 ring of protection
MPRegen 0.66/turn                a - ring "Etsuama" {Will+ Str+4}

@: lethally poisoned (-8 -> -26), marked, hasted, lightly drained, repel
missiles, very quick
A: no striking features
a: Renounce Religion


You were on level 3 of the Snake Pit.
You worshipped Vehumet.
Vehumet was exalted by your worship.
You visited 5 branches of the dungeon, and saw 26 of its levels.
You also visited: Trove and Ice Cave.

You collected 2682 gold pieces.
You spent 2174 gold pieces at shops.

Inventory:

Hand Weapons
 w - the +7 mace "Sejaud" (weapon) {heavy, Fragile rF+ rCorr Str+5}
   (You bought it in a shop on level 2 of the Orcish Mines)

   Str:       It affects your strength (+5).
   rF:        It protects you from fire.
   rCorr:     It protects you from acid and corrosion.
   Fragile:   It will be destroyed if unequipped.
Missiles
 l - 4 throwing nets
Armour
 u - a +3 ring mail of willpower
 v - a +2 pair of boots (worn)
 C - a scarf of repulsion (worn)
 L - a +3 leather armour
 N - +0 steam dragon scales (worn)
 X - the +0 hat of Ru's Benevolence (worn) {rN+ Int+3}
   (You found it on level 3 of the Lair of Beasts)

   Int:       It affects your intelligence (+3).
   rN:        It protects you from negative energy.
 Y - a +0 buckler of cold resistance (worn)
 Z - the +1 pair of gloves of Lugonu's Generosity (worn) {rF+}
   (You found it in an ice cave)

   rF:        It protects you from fire.
Jewellery
 a - the ring "Etsuama" (right hand) {Will+ Str+4}
   (You took it off a deep elf pyromancer on level 7 of the Dungeon)

   [ring of willpower]

   Str:       It affects your strength (+4).
   Will:      It increases your willpower.
 d - a ring of see invisible
 q - a ring of protection from cold
 F - an amulet of magic regeneration (around neck)
 G - a ring of resist corrosion
 O - a ring of protection from cold
 S - an amulet of the acrobat
 V - a +4 ring of protection (left hand)
Wands
 i - a wand of mindburst (18)
 t - a wand of flame (18)
 A - a wand of polymorph (15)
 H - a wand of acid (24)
 I - a wand of paralysis (11)
 K - a wand of roots (20)
Scrolls
 f - 7 scrolls of fear
 g - 10 scrolls of teleportation
 h - 2 scrolls of silence
 n - 2 scrolls of immolation
 p - 2 scrolls of blinking
 r - 3 scrolls of magic mapping
 s - 5 scrolls of amnesia
 x - 2 scrolls of summoning
 y - 8 scrolls of identify
 z - 7 scrolls of vulnerability
 P - 3 scrolls of fog
 Q - a scroll of brand weapon
 R - 2 scrolls of enchant weapon
 T - 4 scrolls of enchant armour
 U - 3 scrolls of poison
Potions
 b - 4 potions of magic
 c - 7 potions of curing
 e - 9 potions of might
 j - 3 potions of brilliance
 k - a potion of cancellation
 m - 7 potions of flight
 o - 3 potions of berserk rage
 B - 4 potions of ambrosia
 D - 2 potions of heal wounds
 E - 7 potions of resistance
 J - 2 potions of haste
 M - 3 potions of mutation
 W - 4 potions of attraction


   Skills:
 - Level 13.0 Fighting
 - Level 18.1 Dodging
 - Level 2.4 Stealth
 - Level 5.0 Shields
 - Level 16.2 Spellcasting
 - Level 12.8 Conjurations
 - Level 1.1 Transmutations
 + Level 17.7 Earth Magic


You had 10 spell levels left.
You knew the following spells:

 Your Spells              Type           Power      Damage    Failure   Level
a - Sandblast             Erth           100%       2d20      0%          1
b - Stone Arrow           Conj/Erth      100%       3d13      0%          3
c - Petrify               Tmut/Erth      72%        N/A       1%          4
d - Borgnjor's Vile Clut  Necr/Erth      35%        N/A       1%          5
e - Scorch                Fire           50%        2d8       1%          2
f - Iskenderun's Mystic   Conj/Tloc      61%        2d13      1%          4
g - Blink                 Tloc           50%        N/A       3%          2
h - Lee's Rapid Deconstr  Erth           48%        3d23*     1%          5
i - Conjure Ball Lightni  Conj/Air       30%        3x3d10    6%          6
j - Iron Shot             Conj/Erth      44%        9d9       1%          6

Your spell library contained the following spells:

 Spells                   Type           Power      Damage    Failure   Level
 Magic Dart               Conj           100%       1d8       0%          1
 Beastly Appendage        Tmut           66%        N/A       1%          1
 Slow                     Hex            100%       N/A       1%          1
 Momentum Strike          Conj/Tloc      100%       3d10      1%          2
 Passwall                 Tmut/Erth      60%        N/A       1%          2
 Wereblood                Tmut           33%        N/A       1%          2
 Dazzling Flash           Conj/Hex       100%       N/A       1%          3
 Ignite Poison            Fire/Tmut/Pois 28%        N/A       1%          3
 Kindle Blastsparks       Fire/Tloc/Air  50%        2d14      1%          3
 Mephitic Cloud           Conj/Pois/Air  52%        N/A       1%          3
 Fulminant Prism          Conj/Hex       30%        3d15      1%          4
 Irradiate                Conj/Tmut      31%        3d22      1%          5
 Freezing Cloud           Conj/Ice/Air   26%        6-21      2%          5
 Call Imp                 Summ           25%        N/A       3%          2
 Lesser Beckoning         Tloc           50%        N/A       3%          2
 Sublimation of Blood     Necr           25%        N/A       3%          2
 Spider Form              Tmut/Pois      29%        N/A       4%          3
 Airstrike                Air            12%        2d(2-18)  5%          4
 Olgreb's Toxic Radiance  Pois           25%        N/A       5%          4
 Confusing Touch          Hex            25%        N/A       6%          3
 Gell's Gravitas          Tloc           25%        N/A       6%          3
 Portal Projectile        Hex/Tloc       50%        N/A       6%          3
 Summon Guardian Golem    Hex/Summ       25%        N/A       6%          3
 Teleport Other           Tloc           25%        N/A       6%          3
 Tukima's Dance           Hex            25%        N/A       6%          3
 Vampiric Draining        Necr           25%        2d7       6%          3
 Starburst                Conj/Fire      30%        6d9       6%          6
 Statue Form              Tmut/Erth      48%        N/A       6%          6
 Lehudib's Crystal Spear  Conj/Erth      44%        10d11     7%          8
 Yara's Violent Unravell  Hex/Tmut       14%        3d7       12%         5
 Animate Dead             Necr           25%        N/A       21%         4
 Summon Ice Beast         Ice/Summ       25%        N/A       21%         4
 Shatter                  Erth           48%        3d37*     32%         9
 Blade Hands              Tmut           16%        N/A       36%         5
 Alistair's Intoxication  Tmut/Pois      19%        N/A       41%         5
 Metabolic Englaciation   Hex/Ice        12%        N/A       50%         5
 Summon Mana Viper        Hex/Summ       25%        N/A       50%         5
 Eringya's Noxious Bog    Tmut/Pois      14%        N/A       50%         6
 Death Channel            Necr           12%        N/A       97%         6
 Summon Cactus Giant      Summ           12%        N/A       97%         6
 Dragon Form              Tmut           16%        N/A       100%        7
 Haunt                    Necr/Summ      12%        N/A       100%        7
 Summon Hydra             Summ           12%        N/A       100%        7
 Ignition                 Fire           12%        3d6       100%        8
 Infestation              Necr           12%        N/A       100%        8
 Necromutation            Tmut/Necr      14%        N/A       100%        8
 Chain Lightning          Conj/Air       30%        3d40      100%        9
 Fire Storm               Conj/Fire      30%        8d8       100%        9


Dungeon Overview and Level Annotations

Branches:
Dungeon (15/15)            Temple (1/1) D:5            Lair (5/5) D:8
  Swamp (0/4) Lair:3        Snake (3/4) Lair:3        Slime (0/5) Lair:5
    Orc (2/2) D:9             Elf (0/3) Orc:2        Vaults (0/5) D:14
 Depths (0/4) D:15          IceCv (visited)

Altars:
Ashenzari
Cheibriados
Dithmenos
Elyvilon
Fedhas
Gozag
Hepliaklqana
Kikubaaqudgha
Makhleb
Nemelex Xobeh
Okawaru
Qazlal
Ru
Sif Muna
Trog
Uskayaw
Vehumet
Wu Jian
Xom
Yredelemnul
Zin
The Shining One
Jiyva

Shops:
D:6 *   D:11 *   D:12 !   Orc:1 (   Orc:2 [(::   Snake:1 :   Snake:2 ([

Portals:
Hell: Lair:5

Annotations:
D:15 3 runed translucent doors, tarna41's ghost, journeyman MiBe
Snake:3 Aizul


Message History

* * * LOW HITPOINT WARNING * * *
The anaconda constricts you.
* * * LOW HITPOINT WARNING * * *
Blink to where?
Press: ? - help, Dir - move target, p - anaconda You escape the anaconda's grasp.
The zombie hands lose their grip on something.
A naga sharpshooter comes into view. It is wielding a +0 dire flail.
As you read the scroll of blinking, it crumbles to dust.
You feel sick.
You are no longer poisoned.
The naga sharpshooter unwields a +0 dire flail.
The naga sharpshooter wields a +0 shortbow.
The naga sharpshooter shoots an arrow.
The arrow completely misses you.
You feel much better.
The naga sharpshooter shoots an arrow.
The arrow closely misses you.
Your magical contamination has completely faded away.
You feel yourself speed up. The black mamba closely misses you.
The naga sharpshooter shoots an arrow.
The arrow hits you!
* * * LOW HITPOINT WARNING * * *
The black mamba attacks as you move away!
The black mamba misses you.
The naga sharpshooter spits poison at you.
The splash of poison is repelled.
The black mamba completely misses you. The anaconda attacks as you move away!
You block the anaconda's attack. The anaconda closely misses you.
Aizul the Neglectful Guardian comes into view.
Things that are here:
a +0 flail; a naga skeleton Unknown command.
The anaconda seems to regain its courage.
Things that are here:
a +0 battleaxe; a +0 flail Unknown command.
You feel much better. The black mamba bites you!
* * * LOW HITPOINT WARNING * * *
Aizul casts a spell at you. The bolt of poison hits you!!
You are poisoned.
You die...

####รท..# #......#...
#..........#
##.###..#...#
#.[..##.# .##
##.....### #
###.....##.######
##)SSSN..#.......#
####.@##........<...#
#....).####.#.......#.
#.......).###.......#.
##..........#.........
##......####S......##
##.S..##..######..#
#..###..)#....##.##
##.#.....##....#[)#
#...............##


You could see Aizul, a naga sharpshooter (catching breath), 2 anacondas and a
black mamba.

Vanquished Creatures
  Vashnia (Snake:2)
  Rupert (Lair:5)
  Gastronok (Lair:3)
  Agnes (D:15)
  Roxanne (D:14)
  Snorg (D:14)
  Josephine (D:15)
  Erolcha (Orc:2)
  5 vault guards
  Harold (Lair:2)
  9 centaur warriors
  5 two-headed ogres
  Erica (D:8)
  2 catoblepae
  5 boulder beetles
  2 ironbound frosthearts (IceCv)
  5 hydras
  10 anacondas
  2 tengu warriors (D:15)
  10 death yaks
  5 naga warriors
  10 naga sharpshooters
  5 orc high priests (Orc:2)
  A sun demon (Lair:5)
  10 skeletal warriors
  2 skysharks
  2 salamander mystics (Snake:2)
  2 bog bodies (Lair:3)
  A wizard (Lair:5)
  5 naga ritualists
  6 deep elf pyromancers
  6 mana vipers
  8 salamanders
  8 orc knights (Orc:2)
  A wolf spider (D:15)
  2 manticores
  2 orc sorcerers (Orc:2)
  18 ugly things
  22 elephants
  33 black mambas
  8 cyclopes
  A molten gargoyle (D:12)
  5 naga magi
  2 guardian serpents
  An ice statue (IceCv)
  3 gargoyles (D:12)
  2 orange demons (Lair:5)
  13 cane toads
  A smoke demon (Lair:5)
  An unseen horror (D:11)
  2 tengu conjurers
  7 rime drakes
  12 komodo dragons
  2 anaconda simulacra (Lair:3)
  2 efreet
  3 ice devils (Lair:5)
  A wind drake (shapeshifter) (D:13)
  3 hornets
  12 polar bears
  5 trolls
  Prince Ribbit (D:5)
  22 blink frogs
  24 dream sheep
  A jumping spider (shapeshifter) (D:15)
  4 centaur simulacra
  A culicivora (shapeshifter) (D:14)
  2 spriggans (Lair:3)
  56 yaks
  A wyvern (Lair:5)
  10 wraiths
  2 yaks (shapeshifter)
  A fire elemental (D:14)
  A human (D:9)
  A vampire (D:12)
  A golden eye (shapeshifter) (D:15)
  4 basilisks
  2 steam dragons (D:10)
  16 vampire mosquitoes
  21 nagas
  2 wargs (Orc:1)
  The ghost of NinjaNoafa the Changer, an amateur OpTm (D:5)
  2 acid dragons
  4 hell hounds (Lair:5)
  A hydra simulacrum (Lair:3)
  13 water moccasins
  37 orc warriors
  3 ice beasts
  5 ogres
  5 black bears
  38 wolves
  12 centaurs
  2 kobold brigands
  A phantom (D:6)
  17 bullfrogs
  A gnoll sergeant (D:9)
  4 scorpions
  4 wights (D:9)
  10 killer bees
  The ghost of Demosthentine the Poker, a weakling DsGl of Hepliaklqana (D:3)
  5 howler monkeys
  A torpor snail simulacrum (Lair:3)
  3 electric eels
  A lava snake (D:14)
  A crimson imp (D:8)
  4 quasits (D:5)
  3 jellies
  35 orc priests
  A water moccasin simulacrum (Lair:3)
  6 hounds
  4 iguanas
  A sleepcap (D:6)
  29 orc wizards
  Robin (D:2)
  11 gnolls
  5 adders
  A shadow imp (D:7)
  4 white imps
  A dart slug (D:3)
  98 orcs
  9 ball pythons
  5 endoplasms
  A giant cockroach (D:2)
  10 hobgoblins
  8 jackals
  2 quokkas
  2 frilled lizards
  22 goblins
  2 goblin skeletons (D:6)
  A goblin zombie (D:6)
  A hobgoblin zombie (D:6)
  A jackal zombie (D:9)
  15 kobolds
  A kobold skeleton (D:6)
  An orc zombie (D:6)
  8 rats
  A butterfly (Lair:2)
939 creatures vanquished.

Vanquished Creatures (collateral kills)
  A rime drake (Lair:2)
  2 ball lightnings (D:15)
3 creatures vanquished.

Vanquished Creatures (others)
  A centaur simulacrum (D:15)
  17 ball lightnings (D:15)
  2 bushes (Lair:5)
  44 fungi
  59 plants
123 creatures vanquished.

Grand Total: 1065 creatures vanquished

Notes
Turn   | Place    | Note
-------+----------+-------------------------------------------
     0 | D:1      | cforsyth the Deep Elf Earth Elementalist began the quest
                  | for the Orb.
     0 | D:1      | Reached XP level 1. HP: 10/10 MP: 6/6
   249 | D:1      | Reached XP level 2. HP: 15/15 MP: 5/8
  1048 | D:2      | Reached XP level 3. HP: 19/19 MP: 3/10
  1254 | D:2      | Noticed Robin
  1346 | D:2      | Reached XP level 4. HP: 23/24 MP: 8/12
  1359 | D:2      | Killed Robin
  1488 | D:2      | Reached skill level 5 in Spellcasting
  1976 | D:3      | Found a faded altar of an unknown god.
  2138 | D:3      | Reached skill level 5 in Earth Magic
  2138 | D:3      | Reached XP level 5. HP: 28/28 MP: 12/14
  2596 | D:4      | Found a runed translucent gate.
  2603 | D:4      | Found a runed translucent gate.
  2604 | D:4      | Found a runed translucent gate.
  2606 | D:4      | Noticed Demosthentine's ghost (weakling DsGl)
  2831 | D:4      | Noticed an ogre
  2927 | D:4      | Reached XP level 6. HP: 14/32 MP: 12/17
  3611 | D:4      | Found an iron altar of Okawaru.
  4018 | D:5      | Entered Level 5 of the Dungeon
  4018 | D:5      | Noticed a water moccasin
  4018 | D:5      | Found a transporter.
  4021 | D:5      | Killed a water moccasin
  4022 | D:5      | Reached XP level 7. HP: 13/36 MP: 16/20
  4143 | D:4      | Learned a level 3 spell: Stone Arrow
  4195 | D:5      | Noticed NinjaNoafa's ghost (amateur OpTm)
  4384 | D:5      | Noticed Prince Ribbit
  4730 | D:5      | Found a white marble altar of Elyvilon.
  4773 | D:5      | Killed Prince Ribbit
  4774 | D:5      | Reached XP level 8. HP: 34/41 MP: 19/23
  4898 | D:5      | Found a staircase to the Ecumenical Temple.
  4964 | Temple   | Entered the Ecumenical Temple
  5422 | D:5      | Found a transporter.
  5538 | D:6      | Reached skill level 10 in Spellcasting
  5794 | D:6      | Found a bloodstained altar of Trog.
  5918 | D:6      | Found a glowing golden altar of the Shining One.
  6178 | D:6      | Found Taol's General Store.
  6374 | D:7      | Found a runed translucent door.
  6375 | D:7      | Noticed a cyclops
  6376 | D:7      | Noticed a hornet
  6376 | D:7      | Noticed a two-headed ogre
  6377 | D:7      | Found a runed translucent door.
  6377 | D:7      | Found a runed translucent door.
  6533 | D:7      | Reached XP level 9. HP: 24/45 MP: 20/26
  6729 | D:7      | Reached skill level 10 in Earth Magic
  7103 | D:7      | HP: 2/45 [poisoned by a water moccasin]
  7519 | D:7      | Noticed a boulder beetle
  7529 | D:7      | Identified the ring "Etsuama" {Will+ Str+4}
  7529 | D:7      | Noticed a deep elf pyromancer
  7530 | D:7      | Killed a boulder beetle
  7533 | D:7      | Killed a deep elf pyromancer
  7534 | D:7      | Reached XP level 10. HP: 44/50 MP: 10/29
  7676 | D:7      | Found a runed translucent door.
  7677 | D:7      | Found a runed translucent door.
  7934 | D:8      | Found a staircase to the Lair.
  7945 | D:8      | Learned a level 4 spell: Petrify
  8178 | D:8      | Learned a level 5 spell: Borgnjor's Vile Clutch
  8182 | D:8      | Found a shimmering blue altar of Sif Muna.
  8229 | D:8      | Noticed Erica
  8236 | D:8      | Killed Erica
  8483 | D:8      | Found a sacrificial altar of Ru.
  8526 | D:8      | Found a radiant altar of Vehumet.
  8640 | D:8      | Became a worshipper of Vehumet
  8797 | D:8      | Found a sparkling altar of Nemelex Xobeh.
  8821 | D:8      | Found a burning altar of Makhleb.
  8821 | D:8      | Found a shimmering altar of Xom.
  8947 | D:8      | Noticed a red ugly thing
  8953 | D:8      | Killed a red ugly thing
  9057 | D:9      | Found a runed translucent door.
  9063 | D:9      | Found a basalt altar of Yredelemnul.
  9125 | D:9      | Reached skill level 15 in Spellcasting
  9222 | D:9      | Found a staircase to the Orcish Mines.
  9336 | D:9      | Reached * piety under Vehumet
  9336 | D:9      | Offered knowledge of Kiss of Death by Vehumet.
  9425 | D:9      | Noticed a two-headed ogre
  9429 | D:9      | Killed a two-headed ogre
  9430 | D:9      | Reached XP level 11. HP: 54/54 MP: 24/32
  9903 | D:10     | Entered Level 10 of the Dungeon
 10050 | D:10     | Offered knowledge of Scorch by Vehumet.
 10262 | D:10     | Noticed a vault guard
 10270 | D:10     | Killed a vault guard
 10503 | D:10     | Found a portal to a secret trove of treasure.
 10537 | Trove    | Entered a treasure trove
 10565 | Trove    | Got Sif Muna's Vellum of Postmortem Guile
 10568 | Trove    | Got Sif Muna's Grimoire of Overhead Blasting
 10574 | Trove    | Learned a level 2 spell: Scorch
 10579 | Trove    | Learned a level 4 spell: Iskenderun's Mystic Blast
 10679 | D:10     | Noticed a centaur warrior
 10683 | D:10     | Killed a centaur warrior
 10684 | D:10     | Reached skill level 1 in Fighting
 10684 | D:10     | Reached skill level 3 in Dodging
 10684 | D:10     | Reached skill level 1 in Conjurations
 10932 | D:10     | Noticed a two-headed ogre
 10936 | D:10     | Killed a two-headed ogre
 10999 | D:10     | Noticed a skeletal warrior
 10999 | D:10     | Found the +5 scythe "Finisher" {speed, eviscerate}
 11670 | D:11     | Reached skill level 4 in Dodging
 11739 | D:11     | Found Qiudoibo's Mass Market.
 11821 | D:11     | Identified the +8 flail of the Rescuing Scavenger {drain,
                  | Str+2}
 12041 | D:11     | Noticed a cyan ugly thing
 12045 | D:11     | Killed a cyan ugly thing
 12046 | D:11     | Reached skill level 5 in Dodging
 12953 | D:12     | Found Feof's Distillery.
 12960 | D:12     | Reached skill level 6 in Dodging
 13232 | D:12     | Noticed a boulder beetle
 13241 | D:12     | Killed a boulder beetle
 13242 | D:12     | Reached skill level 5 in Conjurations
 13301 | D:12     | Reached XP level 12. HP: 66/66 MP: 27/34
 13757 | D:12     | Reached skill level 7 in Dodging
 13971 | Lair:1   | Entered Level 1 of the Lair of Beasts
 14428 | Lair:1   | Reached skill level 5 in Fighting
 14649 | Lair:1   | Reached skill level 8 in Dodging
 15662 | Lair:2   | Reached skill level 9 in Dodging
 15903 | Lair:2   | Noticed Harold
 15910 | Lair:2   | Killed Harold
 15979 | Lair:2   | Reached ** piety under Vehumet
 16015 | Lair:2   | Reached XP level 13. HP: 65/75 MP: 35/35
 16349 | Lair:2   | Reached skill level 10 in Dodging
 16521 | Lair:3   | Found a transporter.
 16662 | Lair:3   | Found a staircase to the Snake Pit.
 16719 | Lair:3   | Found a staircase to the Swamp.
 16903 | Lair:3   | Offered knowledge of Static Discharge by Vehumet.
 17235 | Lair:3   | Noticed Gastronok
 17244 | Lair:3   | Killed Gastronok
 17421 | Lair:3   | Reached skill level 11 in Dodging
 17522 | Lair:3   | Found a transporter.
 17630 | Lair:3   | Reached *** piety under Vehumet
 17989 | Lair:4   | Reached skill level 10 in Conjurations
 18068 | Lair:4   | Offered knowledge of Dazzling Flash by Vehumet.
 18236 | Lair:4   | Reached skill level 12 in Dodging
 18536 | Lair:4   | Reached **** piety under Vehumet
 18971 | Lair:5   | Entered Level 5 of the Lair of Beasts
 19011 | Lair:5   | Reached XP level 14. HP: 78/84 MP: 30/36
 19077 | Lair:5   | Offered knowledge of Fireball by Vehumet.
 19618 | Lair:5   | Noticed Rupert
 19620 | Lair:5   | Paralysed by Rupert for 5 turns
 19636 | Lair:5   | Killed Rupert
 20038 | Lair:5   | Reached skill level 13 in Dodging
 21149 | Lair:5   | Found a burning altar of Makhleb.
 21161 | Lair:5   | Reached ***** piety under Vehumet
 21194 | Lair:5   | Offered knowledge of Starburst by Vehumet.
 21198 | Lair:5   | Learned a level 2 spell: Blink
 21327 | Lair:5   | Reached skill level 14 in Dodging
 21733 | Lair:5   | Found a viscous altar of Jiyva.
 21733 | Lair:5   | Found a staircase to the Slime Pits.
 21816 | Lair:5   | Reached skill level 10 in Fighting
 21932 | Lair:5   | Found a gateway to Hell.
 21940 | Lair:5   | Got the Secrets of Ignition and the Union
 22196 | D:3      | Killed Demosthentine's ghost
 22570 | D:5      | Killed NinjaNoafa's ghost
 23139 | Lair:3   | HP: 4/88 [anaconda simulacrum (21)]
 23403 | Lair:3   | Got the Parchment of the Adder and Adjuration
 23404 | Lair:3   | Identified the +0 hat of Ru's Benevolence {rN+ Int+3}
 23466 | Lair:3   | Upgraded the game from 0.30-a0-857-gcaf70739d4 to
                  | 0.30-a0-859-gf88a04b62d
 23631 | Orc:1    | Entered Level 1 of the Orcish Mines
 23694 | Orc:1    | Found a frozen archway.
 23698 | IceCv    | Entered an ice cave
 23959 | IceCv    | Reached XP level 15. HP: 92/92 MP: 21/37
 24108 | IceCv    | Reached skill level 1 in Shields
 24218 | IceCv    | Identified the +1 pair of gloves of Lugonu's Generosity
                  | {rF+}
 25102 | Orc:1    | Reached skill level 5 in Shields
 25416 | Orc:2    | Entered Level 2 of the Orcish Mines
 25705 | Orc:2    | Found a staircase to the Elven Halls.
 25811 | Orc:2    | Reached ****** piety under Vehumet
 25945 | Orc:2    | Reached skill level 15 in Dodging
 25971 | Orc:2    | Offered knowledge of Lee's Rapid Deconstruction by Vehumet.
 25979 | Orc:2    | Learned a level 5 spell: Lee's Rapid Deconstruction
 26027 | Orc:2    | Noticed Erolcha
 26031 | Orc:2    | Killed Erolcha
 26750 | Orc:2    | Found Xihomp's Book Emporium.
 26751 | Orc:2    | Found Saess's Antique Armour Emporium.
 26751 | Orc:2    | Found Ziale's Antique Weapon Shoppe.
 26752 | Orc:2    | Found Catiarch's Book Emporium.
 26758 | Orc:2    | Bought a book of Annihilations for 780 gold pieces
 26763 | Orc:2    | Bought an ichor-stained mace for 232 gold pieces
 26763 | Orc:2    | Identified the +7 mace "Sejaud" {heavy, Fragile rF+ rCorr
                  | Str+5} (You bought it in a shop on level 2 of the Orcish
                  | Mines)
 26982 | Orc:1    | Found Rammoth's Antique Weapon Shoppe.
 26996 | Orc:1    | Bought a pitted broad axe for 279 gold pieces
 26996 | Orc:1    | Identified the +6 broad axe of Sin {antimagic, *Rage rPois
                  | rC+ Str+3} (You bought it in a shop on level 1 of the
                  | Orcish Mines)
 26998 | Orc:1    | Bought a bloodstained scimitar for 279 gold pieces
 26998 | Orc:1    | Identified the +3 scimitar of Ferocious Defiance
                  | {antimagic, Dex+2} (You bought it in a shop on level 1 of
                  | the Orcish Mines)
 27000 | Orc:1    | Bought a transparent hand axe for 248 gold pieces
 27000 | Orc:1    | Identified the +2 hand axe of Extermination {venom, rF-
                  | Str+5 Dex+6} (You bought it in a shop on level 1 of the
                  | Orcish Mines)
 27002 | Orc:1    | Bought a dazzling great mace for 356 gold pieces
 27002 | Orc:1    | Identified the +9 great mace "Eviscerator" {holy, rPois
                  | Stlth+} (You bought it in a shop on level 1 of the Orcish
                  | Mines)
 28244 | D:13     | Reached skill level 16 in Dodging
 28422 | D:13     | Identified the ring of Oxzogg {Str+6 Int-5 SInv}
 29785 | D:14     | Found a gate to the Vaults.
 29810 | D:14     | Reached XP level 16. HP: 66/101 MP: 28/38
 29930 | D:14     | Offered knowledge of Conjure Ball Lightning by Vehumet.
 30003 | D:14     | Noticed Roxanne
 30055 | D:14     | Noticed Snorg
 30056 | D:14     | Reached skill level 17 in Dodging
 30061 | D:14     | Killed Snorg
 30760 | D:14     | Killed Roxanne
 30842 | D:15     | Entered Level 15 of the Dungeon
 30850 | D:15     | Learned a level 6 spell: Conjure Ball Lightning
 31046 | D:15     | Found a runed translucent gate.
 31046 | D:15     | Found a runed translucent gate.
 31046 | D:15     | Noticed tarna41's ghost (journeyman MiBe)
 31047 | D:15     | Found a runed translucent gate.
 31048 | D:15     | Noticed an acid blob
 31246 | D:15     | Noticed Agnes
 31458 | D:15     | Noticed Josephine
 31468 | D:15     | Killed Josephine
 31635 | D:15     | Killed Agnes
 31855 | D:15     | Found a staircase to the Depths.
 31901 | D:15     | Reached skill level 18 in Dodging
 32242 | D:15     | Found a viscous altar of Jiyva.
 32612 | Snake:1  | Entered Level 1 of the Snake Pit
 33578 | Snake:1  | Reached skill level 15 in Earth Magic
 33937 | Snake:1  | Found Kuuhus's Tremendous Tomes.
 34414 | Snake:2  | Found Iqesol's Antique Armour Emporium.
 34502 | Snake:2  | Noticed Vashnia
 34552 | Snake:2  | Offered knowledge of Iron Shot by Vehumet.
 34560 | Snake:2  | Learned a level 6 spell: Iron Shot
 34573 | Snake:2  | Reached XP level 17. HP: 98/108 MP: 26/39
 34626 | Snake:2  | Killed Vashnia
 34977 | Snake:2  | Found Qeovvof's Weapon Shoppe.
 36458 | Snake:3  | HP: 4/106 [anaconda[a naga ritualist] (9)]
 36464 | Snake:3  | Noticed Aizul
 36466 | Snake:3  | Killed from afar by Aizul

Illustrated notes

Levels and vault maps discovered:
D:1:      lemuel_arrival_muddy, layout_basic, serial_glass, glass_columns_c,
          glass_columns_a
D:2:      layout_basic, minmay_heptomino_h4, uniq_robin
D:3:      layout_loops_ring, dreamdust_ecumenical_altar_angels_and_demons
D:4:      layout_basic, okawaru_metal_pillars_3, gammafunk_ghost_split,
          minivault_25, minmay_statues_item
D:5:      layout_rooms, elyvilon_altar_5, minmay_temple_entry_butterflies,
          gammafunk_ghost_stat_death, chequers_serial_rivers_marsh,
          kennysheep_big_empty_room, uniq_prince_ribbit1
D:6:      layout_basic, nicolae_tso_besieged_by_evil,
          mainiacjoe_overflow_cross_hatched, serial_shops, kennysheep_mini_moat,
          nrook_uturn
D:7:      minmay_the_grid_four_pointed_star
          [minmay_the_grid_triangle_9x9_corruption,
          minmay_the_grid_triangle_9x9_fully_insulated_deathbox,
          minmay_the_grid_triangle_9x9_sprig,
          minmay_the_grid_triangle_9x9_tough_junction,
          minmay_the_grid_prize_diamond_cup], layout_rooms
D:8:      layout_loops_ring, grunt_temple_overflow_champion_of_chaos,
          mainiacjoe_overflow_small_starburst,
          mainiacjoe_overflow_surrounded_room, mainiacjoe_overflow_alcove_2,
          vehumet_crystals, uniq_erica
D:9:      layout_cave_pools, dk_yredelemnul_ordeal, david_orc_1_choice,
          kennysheep_diamond, minmay_orc_keep
D:10:     layout_irregular_city, enter_trove_5, minmay_guarded_unrand_finisher
D:11:     layout_gridville, minmay_shop_mass
D:12:     layout_roguey, serial_shops, nicolae_inconvenience_store,
          kennysheep_generic_room_16
D:13:     layout_long_grid
D:14:     layout_big_octagon, lightli_vaults_fourway_checkpoint,
          minmay_misc_feat_tower, hangedman_decor_opposing,
          minmay_misc_feat_ornament, grunt_ministairs_5,
          hangedman_decor_growths, uniq_snorg, uniq_roxanne
D:15:     hangedman_depths_entry_try_elsewhere_first, layout_gridville,
          gammafunk_ghost_ooze, uniq_agnes, uniq_josephine
Temple:   nicolae_temple_bog_church
Lair:1:   layout_chaotic_city
Lair:2:   layout_chaotic_city, grunt_megastairs_4, lemuel_fruit_fields,
          uniq_harold
Lair:3:   gammafunk_cloud_chamber, layout_cellular_growth,
          skrybe_swamp_entry_bodies, guppyfry_snake_entry_garden,
          forest_entry_grove, uniq_gastronok
Lair:4:   layout_regular_city, lemuel_fruit_tree, serial_bayou_shore_b,
          grunt_megastairs_2, infiniplex_staircase_pool_2
Lair:5:   evil_forest, layout_loops_ring, dpeg_slime_entry_enclosed,
          grunt_megastairs_3, uniq_rupert
Snake:1:  layout_rooms, st_stairs_13, drop_trap, nicolae_shop_i_like_big_books
Snake:2:  layout_layer_cave, serial_shops, nicolae_shop_bloodbath_and_beyond,
          nicolae_shop_crystal, serial_bayou_pond_b, nicolae_snake_lava_pool,
          uniq_vashnia
Snake:3:  layout_honeycomb, uniq_jorgrun, uniq_aizul
Orc:1:    layout_caves, serial_shops, nicolae_shop_overgrown_old_shop,
          portal_ice_cave_entry_pillars_2
Orc:2:    st_orc_pillars, layout_diamond_mine, uniq_erolcha

Skill      XL: |  1  2  3  4  5  6  7  8  9 10 11 12 13 14 15 16 17 |
---------------+----------------------------------------------------+-----
Spellcasting   | 4 5 6 7 9 11 13 15 16 | 16.2
Earth Magic    | 4 5 6 8 9 11 13 16 17 | 17.7
Fighting       | 4 6 8 10 11 13 | 13.0
Dodging        | 6 9 12 14 16 18 | 18.1
Conjurations   | 5 8 11 12 | 12.8
Shields        | 5 |  5.0
Stealth        | |  2.4
Transmutations | |  1.1

Action                     |  1- 3 |  4- 6 |  7- 9 | 10-12 | 13-15 | 16-18 || total
---------------------------+-------+-------+-------+-------+-------+-------++-------
  Melee: Dagger            |       |     4 |       |     3 |       |       ||     7
         Flail             |       |       |       |     1 |     5 |       ||     6
         Mace              |       |       |       |       |     1 |     1 ||     2
   Cast: Sandblast         |    47 |    90 |   137 |   140 |   417 |   133 ||   964
         Stone Arrow       |       |       |    15 |    97 |   179 |    95 ||   386
         Borgnjor's Vile C |       |       |       |   108 |   343 |   188 ||   639
         Petrify           |       |       |       |     1 |     1 |       ||     2
         Iskenderun's Myst |       |       |       |       |     1 |       ||     1
         Conjure Ball Ligh |       |       |       |       |       |     8 ||     8
         Lee's Rapid Decon |       |       |       |       |       |     4 ||     4
         Iron Shot         |       |       |       |       |       |    10 ||    10
    Use: Scroll            |       |     6 |     7 |    10 |     7 |     7 ||    37
         Potion            |       |     4 |     3 |       |     2 |     4 ||    13
   Stab: Sleeping          |       |       |       |     1 |       |       ||     1
 Armour: Robe              |     2 |     5 |     4 |       |       |       ||    11
         Skin              |       |     3 |       |       |       |       ||     3
         Acid dragon scale |       |       |    14 |     7 |       |       ||    21
         Leather armour    |       |       |       |     5 |       |       ||     5
         Steam dragon scal |       |       |       |    22 |    83 |    22 ||   127
  Dodge: Dodged            |     6 |    29 |    40 |    89 |   410 |   201 ||   775
         Repelled          |       |       |       |     3 |    13 |    17 ||    33
  Block: Buckler           |       |       |       |       |    57 |    65 ||   122

Table legend: (Time is in decaauts)
 A = Elapsed time spent in this place.
 B = Non-inter-level travel time spent in this place.
 C = Inter-level travel time spent in this place.
 D = Time resting spent in this place.
 E = Time spent auto-exploring this place.
 F = Levels seen in this place.
 G = Mean time per level.
                   A        B        C        D        E       F      G
               +--------+--------+--------+--------+--------+-----+--------+
         Total |  37011 |  34548 |   2463 |   6816 |  21587 |  28 | 1321.8 |
       Dungeon |  20197 |  18533 |   1664 |   3815 |  11862 |  15 | 1346.5 |
        Temple |    188 |    170 |     18 |      0 |    159 |   1 |  188.0 |
          Lair |   8936 |   8322 |    614 |   1774 |   5050 |   5 | 1787.2 |
     Snake Pit |   3922 |   3849 |     73 |    762 |   2381 |   3 | 1307.3 |
  Orcish Mines |   2343 |   2251 |     92 |    209 |   1447 |   2 | 1171.5 |
         Trove |    101 |    101 |      0 |      0 |     15 |   1 |  101.0 |
      Ice Cave |   1321 |   1321 |      0 |    256 |    671 |   1 | 1321.0 |
               +--------+--------+--------+--------+--------+-----+--------+

Top non-repeatable levels by time:
  Lair:5: 2464 daAuts
 Snake:2: 2100 daAuts
    D:13: 2016 daAuts
     D:7: 1964 daAuts
  Lair:3: 1941 daAuts
     D:4: 1874 daAuts
  Lair:4: 1674 daAuts
 Snake:1: 1531 daAuts
    D:15: 1504 daAuts
  Lair:1: 1492 daAuts
    D:10: 1484 daAuts
   Orc:2: 1435 daAuts
  Lair:2: 1364 daAuts
    D:12: 1340 daAuts
     D:9: 1338 daAuts
